 Dungeon Sprint DCSS version 0.27-a0-1219-g958d993ae5 (webtiles) character file.

Game seed: 14801384820873821208

88 night the Caller (level 4, -2/34 HPs)
             Began as a Gnoll Summoner on June 6, 2021.
             Was an Initiate of Sif Muna.
             Slain by a troll (4 damage)
             ... in the Dungeon (Sprint IX: "|||||||||||||||||||||||||||||").
             The game lasted 00:03:48 (705 turns).

night the Caller (Gnoll Summoner)                    Turns: 705, Time: 00:03:49

Health: -2/34      AC:  9    Str: 13    XL:     4   Next: 53%
Magic:  8/11       EV: 10    Int: 16    God:    Sif Muna [......]
Gold:   0          SH:  0    Dex: 12    Spells: 5/14 levels left

rFire    . . .     SeeInvis .   k - +2 rapier (drain)
rCold    . . .     Faith    .   (no shield)
rNeg     . . .     Spirit   .   o - +1 scale mail
rPois    .         Reflect  .   (no helmet)
rElec    .         Harm     .   m - +0 cloak
rCorr    .         Rampage  .   (no gloves)
Will     .....     NoTele   +   n - +0 pair of boots
Stlth    +.........             (no amulet)
HPRegen  0.11/turn              p - +3 ring of strength
MPRegen  0.12/turn              q - +3 ring of strength

@: no status effects
A: fangs 1, strong nose, distributed training
a: Renounce Religion


You were in the Dungeon.
You worshipped Sif Muna.
Sif Muna was noncommittal.
You visited 1 branch

Inventory:

Hand Weapons
 j - a +0 lajatang
 k - a +2 rapier of draining (weapon)
 l - a +2 scimitar of holy wrath
Armour
 a - a +0 robe
 m - a +0 cloak (worn)
 n - a +0 pair of boots (worn)
 o - a +1 scale mail (worn)
Jewellery
 p - a +3 ring of strength (left hand)
 q - a +3 ring of strength (right hand)
Wands
 i - a wand of iceblast (9)
Scrolls
 g - 2 scrolls of amnesia
 h - a scroll of blinking
Potions
 b - a potion of invisibility
 c - 4 potions of curing
 d - 3 potions of heal wounds
 e - a potion of haste
 f - 4 potions of magic


   Skills:
 + Level 2.7 Fighting
 + Level 2.7 Short Blades
 + Level 2.7 Long Blades
 + Level 2.7 Axes
 + Level 2.7 Maces & Flails
 + Level 2.7 Polearms
 + Level 2.7 Staves
 + Level 2.7 Slings
 + Level 2.7 Bows
 + Level 2.7 Crossbows
 + Level 2.7 Throwing
 + Level 2.7 Armour
 + Level 5.4 Dodging
 + Level 5.0 Stealth
 + Level 2.7 Shields
 + Level 2.7 Unarmed Combat
 + Level 5.7 Spellcasting
 + Level 2.2 Conjurations
 + Level 2.2 Hexes
 + Level 7.5 Summonings
 + Level 2.2 Necromancy
 + Level 2.2 Translocations
 + Level 2.2 Transmutations
 + Level 2.2 Fire Magic
 + Level 2.2 Ice Magic
 + Level 2.2 Air Magic
 + Level 2.2 Earth Magic
 + Level 2.2 Poison Magic
 + Level 3.0 Invocations
 + Level 2.7 Evocations


You had 5 spell levels left.
You knew the following spells:

 Your Spells              Type           Power      Damage    Failure   Level
a - Summon Small Mammal   Summ           100%       N/A       3%          1
b - Call Imp              Summ           28%        N/A       4%          2
c - Call Canine Familiar  Summ           28%        N/A       9%          3
d - Summon Guardian Gole  Hex/Summ       20%        N/A       26%         3

Your spell library contained the following spells:

 Spells                   Type           Power      Damage    Failure   Level
 Summon Ice Beast         Ice/Summ       20%        N/A       63%         4
 Summon Lightning Spire   Summ/Air       20%        N/A       63%         4


Dungeon Overview and Level Annotations

Branches:
Dungeon (1/1)

Altars:
Cheibriados
Dithmenos
Elyvilon
Fedhas
Gozag
Hepliaklqana
Kikubaaqudgha
Makhleb
Nemelex Xobeh
Okawaru
Qazlal
Ru
Sif Muna
Trog
Uskayaw
Vehumet
Wu Jian
Xom
Yredelemnul
Zin
The Shining One
Beogh
Jiyva
Lugonu


Innate Abilities, Weirdness & Mutations

You have very sharp teeth.
Your uncanny sense of smell can sniff out nearby items.
Your experience applies equally to all skills.


Message History

You sense an unholy aura.
k - a +2 rapier of draining (weapon)
You barely miss the troll.
The troll is moderately wounded.
The troll barely misses you. The troll claws you! The troll closely misses you.
You hit the troll.
The troll is moderately wounded.
The troll barely misses you. The troll completely misses you.
The troll claws you but does no damage.
You closely miss the troll.
The troll is moderately wounded.
The troll bites you. The troll completely misses you. The troll claws you.
You hit the troll. You drain the troll. Your bite misses the troll.
The troll is heavily wounded.
The troll bites you but does no damage. The troll closely misses you. x2
You barely miss the troll.
The troll is heavily wounded.
The troll barely misses you. The troll closely misses you.
The troll barely misses you.
You puncture the troll! You drain the troll.
The troll is severely wounded.
The troll barely misses you. The troll claws you but does no damage.
The troll claws you!
You hit the troll.
The troll is almost dead.
The troll bites you but does no damage. The troll claws you.
The troll claws you!
* * * LOW HITPOINT WARNING * * *
You barely miss the troll.
The troll is severely wounded.
The troll closely misses you. The troll claws you.
* * * LOW HITPOINT WARNING * * *
The troll barely misses you.
You hit the troll. You drain the troll. You bite the troll.
The troll is almost dead.
The troll bites you!
* * * LOW HITPOINT WARNING * * *
The troll barely misses you. The troll closely misses you. The troll bites you.
You die...

∆
▓.▓
▓K▓
▓{▓
▓y▓
▓K▓
▓.▓
▓c▓
▓T▓
▓@▓
▓'▓
▓_▓
▓_▓
▓_▓
▓_▓
▓_▓
▓_▓
▓_▓


You could see a troll (drained), a hornet, 2 kobold brigands and a centaur.

Vanquished Creatures
  A jelly (D)
  2 iguanas (D)
  A shadow imp (D)
4 creatures vanquished.

Vanquished Creatures (collateral kills)
  A hound (D)
  A giant cockroach (D)
  A bat (D)
  2 frilled lizards (D)
  A rat (D)
6 creatures vanquished.

Grand Total: 10 creatures vanquished

Notes
Turn   | Place    | Note
-------+----------+-------------------------------------------
     0 | D        | night the Gnoll Summoner began the quest for the Orb.
     0 | D        | Reached XP level 1. HP: 13/13 MP: 6/6
    28 | D        | Reached skill level 5 in Spellcasting
    39 | D        | Noticed an iguana
    39 | D        | Noticed an iguana
    39 | D        | Noticed a jelly
    39 | D        | Noticed a hound
    55 | D        | Killed a hound
    56 | D        | Reached skill level 1 in Fighting
    56 | D        | Reached skill level 1 in Short Blades
    56 | D        | Reached skill level 1 in Long Blades
    56 | D        | Reached skill level 1 in Axes
    56 | D        | Reached skill level 1 in Maces & Flails
    56 | D        | Reached skill level 1 in Polearms
    56 | D        | Reached skill level 1 in Staves
    56 | D        | Reached skill level 1 in Slings
    56 | D        | Reached skill level 1 in Bows
    56 | D        | Reached skill level 1 in Crossbows
    56 | D        | Reached skill level 1 in Throwing
    56 | D        | Reached skill level 1 in Armour
    56 | D        | Reached skill level 1 in Shields
    56 | D        | Reached skill level 1 in Unarmed Combat
    56 | D        | Reached skill level 1 in Conjurations
    56 | D        | Reached skill level 1 in Hexes
    56 | D        | Reached skill level 1 in Necromancy
    56 | D        | Reached skill level 1 in Translocations
    56 | D        | Reached skill level 1 in Transmutations
    56 | D        | Reached skill level 1 in Fire Magic
    56 | D        | Reached skill level 1 in Ice Magic
    56 | D        | Reached skill level 1 in Air Magic
    56 | D        | Reached skill level 1 in Earth Magic
    56 | D        | Reached skill level 1 in Poison Magic
    56 | D        | Reached skill level 1 in Invocations
    56 | D        | Reached skill level 1 in Evocations
    56 | D        | Reached XP level 2. HP: 18/21 MP: 1/8
    87 | D        | HP: 2/22 [acid (10)]
   370 | D        | Learned a level 2 spell: Call Imp
   401 | D        | Reached skill level 2 in Fighting
   401 | D        | Reached skill level 2 in Short Blades
   401 | D        | Reached skill level 2 in Long Blades
   401 | D        | Reached skill level 2 in Axes
   401 | D        | Reached skill level 2 in Maces & Flails
   401 | D        | Reached skill level 2 in Polearms
   401 | D        | Reached skill level 2 in Staves
   401 | D        | Reached skill level 2 in Slings
   401 | D        | Reached skill level 2 in Bows
   401 | D        | Reached skill level 2 in Crossbows
   401 | D        | Reached skill level 2 in Throwing
   401 | D        | Reached skill level 2 in Armour
   401 | D        | Reached skill level 5 in Dodging
   401 | D        | Reached skill level 2 in Shields
   401 | D        | Reached skill level 2 in Unarmed Combat
   401 | D        | Reached skill level 2 in Invocations
   401 | D        | Reached skill level 2 in Evocations
   401 | D        | Reached XP level 3. HP: 27/27 MP: 1/9
   403 | D        | Reached XP level 4. HP: 34/34 MP: 1/11
   408 | D        | Reached skill level 5 in Stealth
   408 | D        | Reached skill level 2 in Conjurations
   408 | D        | Reached skill level 2 in Hexes
   408 | D        | Reached skill level 2 in Necromancy
   408 | D        | Reached skill level 2 in Translocations
   408 | D        | Reached skill level 2 in Transmutations
   408 | D        | Reached skill level 2 in Fire Magic
   408 | D        | Reached skill level 2 in Ice Magic
   408 | D        | Reached skill level 2 in Air Magic
   408 | D        | Reached skill level 2 in Earth Magic
   408 | D        | Reached skill level 2 in Poison Magic
   608 | D        | Learned a level 3 spell: Call Canine Familiar
   612 | D        | Learned a level 3 spell: Summon Guardian Golem
   614 | D        | Found a snail-covered altar of Cheibriados.
   614 | D        | Found a shadowy altar of Dithmenos.
   614 | D        | Found a white marble altar of Elyvilon.
   614 | D        | Found a blossoming altar of Fedhas.
   614 | D        | Found an opulent altar of Gozag.
   615 | D        | Found a hazy altar of Hepliaklqana.
   616 | D        | Found a viscous altar of Jiyva.
   617 | D        | Found an ancient bone altar of Kikubaaqudgha.
   618 | D        | Found a corrupted altar of Lugonu.
   619 | D        | Found a burning altar of Makhleb.
   620 | D        | Found a sparkling altar of Nemelex Xobeh.
   621 | D        | Found an iron altar of Okawaru.
   622 | D        | Found a stormy altar of Qazlal.
   623 | D        | Found a sacrificial altar of Ru.
   624 | D        | Found a shimmering blue altar of Sif Muna.
   625 | D        | Found a bloodstained altar of Trog.
   626 | D        | Found a hide-covered altar of Uskayaw.
   627 | D        | Found a radiant altar of Vehumet.
   628 | D        | Found an ornate altar of the Wu Jian Council.
   631 | D        | Found a shimmering altar of Xom.
   632 | D        | Found a basalt altar of Yredelemnul.
   633 | D        | Found a glowing silver altar of Zin.
   634 | D        | Became a worshipper of Sif Muna the Loreminder
   635 | D        | Found a glowing golden altar of the Shining One.
   685 | D        | Noticed a kobold brigand
   685 | D        | Noticed a hornet
   685 | D        | Noticed a kobold brigand
   685 | D        | Noticed a centaur
   685 | D        | Noticed a troll
   704 | D        | HP: 2/34 [troll (7)]
   705 | D        | Slain by a troll

Illustrated notes

Levels and vault maps discovered:
D:        linesprint [early_d, line_temple, items_1, d_10, items_2, lair_1,
          lair_end, items_3, orc_1, orc_end, items_4, d_15, swamp_1, shoals_1,
          snake_1, spider_1, d_20, vaults_1, items_5, swamp_end, shoals_end,
          snake_end, spider_end, vaults_end, d_27, items_6, zot_1, zot_end,
          crypt_end, forest_end, elf_end, slime_end, tomb_end, abyss_end,
          pan_hell_end]

Skill      XL: |  1  2  3  4 |
---------------+-------------+-----
Spellcasting   | 5 |  5.7
Fighting       | 1 2 |  2.7
Short Blades   | 1 2 |  2.7
Long Blades    | 1 2 |  2.7
Axes           | 1 2 |  2.7
Maces & Flails | 1 2 |  2.7
Polearms       | 1 2 |  2.7
Staves         | 1 2 |  2.7
Slings         | 1 2 |  2.7
Bows           | 1 2 |  2.7
Crossbows      | 1 2 |  2.7
Throwing       | 1 2 |  2.7
Armour         | 1 2 |  2.7
Shields        | 1 2 |  2.7
Unarmed Combat | 1 2 |  2.7
Conjurations   | 1 2 |  2.2
Hexes          | 1 2 |  2.2
Necromancy     | 1 2 |  2.2
Translocations | 1 2 |  2.2
Transmutations | 1 2 |  2.2
Fire Magic     | 1 2 |  2.2
Ice Magic      | 1 2 |  2.2
Air Magic      | 1 2 |  2.2
Earth Magic    | 1 2 |  2.2
Poison Magic   | 1 2 |  2.2
Invocations    | 1 2 3 |  3.0
Evocations     | 1 2 |  2.7
Dodging        | 5 |  5.4
Stealth        | 5 |  5.0
Summonings     | |  7.5

Action                   |  1- 3 |  4- 6 || total
-------------------------+-------+-------++-------
Melee: Unarmed           |     8 |     4 ||    12
       Rapier            |       |     9 ||     9
       Bite              |       |     1 ||     1
 Cast: Summon Small Mamm |    15 |       ||    15
       Call Imp          |     4 |     2 ||     6
       Call Canine Famil |       |     2 ||     2
Evoke: Wand              |       |     1 ||     1
  Use: Potion            |     2 |       ||     2
       Scroll            |     1 |       ||     1
Armor: Scale mail        |       |     4 ||     4
Dodge: Dodged            |     8 |    16 ||    24

Table legend: (Time is in decaauts)
 A = Elapsed time spent in this place.
 B = Non-inter-level travel time spent in this place.
 C = Inter-level travel time spent in this place.
 D = Time resting spent in this place.
 E = Time spent auto-exploring this place.
 F = Levels seen in this place.
 G = Mean time per level.
                   A        B        C        D        E       F      G
               +--------+--------+--------+--------+--------+-----+--------+
         Total |    715 |    715 |      0 |    485 |      0 |   1 |  715.0 |
       Dungeon |    715 |    715 |      0 |    485 |      0 |   1 |  715.0 |
               +--------+--------+--------+--------+--------+-----+--------+

Top non-repeatable levels by time:
       D: 715 daAuts
